 Dungeon Crawl Stone Soup version 0.30-a0-629-gd54f4be4f7 (webtiles) character file.

Game seed: 260074490441748566

103 acebull12 the Poker (level 4, 0/35 HPs)
             Began as a Demonspawn Fighter on Jan 12, 2023.
             Slain by Ijyb
             ... wielding a +0 dagger
              (1 damage)
             ... on level 3 of the Dungeon.
             The game lasted 00:03:54 (2006 turns).

acebull12 the Poker (Demonspawn Fighter)            Turns: 2006, Time: 00:03:55

Health: 0/35       AC: 10    Str: 18    XL:     4   Next: 51%
Magic:  4/4        EV:  9    Int: 10    God:
Gold:   150        SH:  4    Dex: 12    Spells: 3/3 levels left

rFire   . . .      SeeInvis .    a - +0 trident
rCold   . . .      Faith    .    c - +0 buckler
rNeg    . . .      Spirit   .    b - +0 scale mail
rPois   .          Reflect  .    e - +0 helmet
rElec   .          Harm     .    (no cloak)
rCorr   .          Rampage  .    (no gloves)
Will    .....                    l - +1 pair of boots Stlth
                                 (no amulet)
HPRegen 0.25/turn                (no ring)
MPRegen 0.09/turn                (no ring)

@: no status effects
A: ignite blood 2
a: no special abilities


You were on level 3 of the Dungeon.
You visited 1 branch of the dungeon, and saw 3 of its levels.

You collected 150 gold pieces.

Inventory:

Hand Weapons
 a - a +0 trident (weapon)
Missiles
 k - 8 poisoned darts (quivered)
 m - 30 stones
Armour
 b - a +0 scale mail (worn)
 c - a +0 buckler (worn)
 e - a +0 helmet (worn)
 l - a +1 pair of boots (worn)
 q - a +0 scale mail
Jewellery
 n - the amulet "Uliwongom" {Regen+ Dex+3}
   (You found it on level 2 of the Dungeon)

   [amulet of regeneration]

   Dex:       It affects your dexterity (+3).
   Regen:     It increases your rate of health regeneration.
Wands
 o - a wand of paralysis (10)
Scrolls
 f - a scroll of fear {unknown}
 h - 8 scrolls of identify {unknown}
 p - 2 scrolls of noise {unknown}
 r - a scroll of poison {unknown}
 s - 2 scrolls of fog {unknown}
 t - a scroll of teleportation {unknown}
 u - a scroll of magic mapping {unknown}
Potions
 d - a potion of might
 g - 2 potions of heal wounds {unknown}
 i - a potion of brilliance {unknown}
 j - a potion of curing {unknown}
 v - a potion of lignification {unknown}


   Skills:
 + Level 3.3 Fighting
 * Level 3.4 Polearms
 + Level 3.2 Armour
 + Level 0.1 Dodging
 + Level 3.0 Shields


You had 3 spell levels left.
You didn't know any spells.
Your spell library contained the following spells:

 Spells                   Type           Power      Damage    Failure   Level
 Call Canine Familiar     Summ           0%         N/A       99%         3
 Portal Projectile        Hex/Tloc       0%         N/A       99%         3
 Cause Fear               Hex            0%         N/A       100%        4
 Leda's Liquefaction      Hex/Erth       0%         N/A       100%        4
 Dragon Form              Tmut           0%         N/A       100%        7
 Dragon's Call            Summ           0%         N/A       100%        9


Dungeon Overview and Level Annotations

Branches:
Dungeon (3/15)

Altars:

Shops:
D:1 *

Annotations:
D:3 1 runed translucent door, 100Percenter's ghost, amateur BaHs; Ijyb


Innate Abilities, Weirdness & Mutations

Your demonic aura often causes spilled blood to erupt in flames.


Message History

The puff of flame hits you.
You closely miss Ijyb.
Ijyb zaps a wand.
The puff of flame hits you.
You closely miss Ijyb. Ijyb hits you but does no damage.
You hit Ijyb but do no damage. Ijyb hits you but does no damage.
You barely miss Ijyb. Ijyb hits you but does no damage.
You hit Ijyb.
Ijyb is moderately wounded.
Ijyb barely misses you.
You closely miss Ijyb.
Ijyb is moderately wounded.
Ijyb zaps a wand.
The puff of flame hits you!
Ijyb zaps a wand.
The puff of flame hits you but does no damage.
You hit Ijyb.
Ijyb is heavily wounded.
Ijyb hits you with a +0 dagger.
* * * LOW HITPOINT WARNING * * *
You hit Ijyb but do no damage.
Ijyb is heavily wounded.
Ijyb zaps a wand.
The puff of flame hits you.
* * * LOW HITPOINT WARNING * * *
You hit Ijyb.
Ijyb is heavily wounded.
Ijyb hits you but does no damage.
You hit Ijyb but do no damage.
Ijyb is heavily wounded.
Ijyb hits you with a +0 dagger.
* * * LOW HITPOINT WARNING * * *
You barely miss Ijyb.
Ijyb is heavily wounded.
Ijyb zaps a wand.
The puff of flame hits you.
* * * LOW HITPOINT WARNING * * *
Ijyb hits you but does no damage.
You closely miss Ijyb.
Ijyb is heavily wounded.
Ijyb hits you with a +0 dagger.
* * * LOW HITPOINT WARNING * * *
You hit Ijyb but do no damage.
Ijyb is heavily wounded.
Ijyb hits you with a +0 dagger.
You die...

...##....##...#.....
.........#...###...
.......#
...#..............
.......#
..................
.......#
..#+#...÷.......
.......#
#.#............÷
.......#
#.###.#.#......#
.......#
#######.....#.#......#
.......#
#....@g.......#.#'##.#
......<#
#.###############.##.#
.......# #..)...##..
.......# #.#########
######## #.# ######
#.# #..... #.# #.####
#.####.# #......#


You could see Ijyb.

Vanquished Creatures
  Jessica (D:2)
  4 adders
  A worm (D:2)
  2 dart slugs (D:1)
  2 ball pythons (D:3)
  4 endoplasms
  4 goblins
  3 hobgoblins (D:1)
  2 quokkas (D:2)
  8 bats
  A frilled lizard (D:1)
  5 rats
37 creatures vanquished.

Notes
Turn   | Place    | Note
-------+----------+-------------------------------------------
     0 | D:1      | acebull12 the Demonspawn Fighter began the quest for the
                  | Orb.
     0 | D:1      | Reached XP level 1. HP: 18/18 MP: 1/1
    52 | D:1      | Found Omun's Assorted Antiques.
    54 | D:1      | Found a faded altar of an unknown god.
   116 | D:1      | Gained mutation: Your demonic aura sometimes causes spilled
                  | blood to erupt in flames. [demonic ancestry]
   116 | D:1      | Reached XP level 2. HP: 21/24 MP: 2/2
   879 | D:2      | Identified the amulet "Uliwongom" {Regen+ Dex+3}
   959 | D:2      | Noticed Jessica
   962 | D:2      | Reached XP level 3. HP: 29/29 MP: 3/3
   968 | D:2      | Killed Jessica
  1179 | D:2      | Gained mutation: Your demonic aura often causes spilled
                  | blood to erupt in flames. [demonic ancestry]
  1179 | D:2      | Reached XP level 4. HP: 35/35 MP: 4/4
  1687 | D:3      | Found a runed translucent door.
  1692 | D:3      | Noticed 100Percenter's ghost (amateur BaHs)
  1835 | D:3      | Identified the +0 cloak of the Arcane {Harm rC- rCorr}
  1983 | D:3      | Noticed Ijyb
  2005 | D:3      | HP: 1/35 [Ijyb/+0 dagger (2)]
  2006 | D:3      | Slain by Ijyb

Illustrated notes

Levels and vault maps discovered:
D:1:      wander_arrival_abandoned_jail, layout_basic,
          ebering_ecumenical_altar_webs, serial_shops, shop_coins
D:2:      layout_loops_ring, minmay_crystal_water, uniq_jessica
D:3:      layout_basic, nicolae_hepliaklqana_hippocampus, ebering_ghost_sewer_f,
          minmay_guardbox, uniq_ijyb

Skill      XL: |  1  2  3 |
---------------+----------+-----
Polearms       | 2 3 |  3.4
Armour         | 3 |  3.2
Shields        | 3 |  3.0
Fighting       | |  3.3
Dodging        | |  0.1

Action                   |  1- 3 |  4- 6 || total
-------------------------+-------+-------++-------
Melee: Trident           |    95 |    55 ||   150
Armor: Scale mail        |    58 |    17 ||    75
Dodge: Dodged            |    55 |    17 ||    72
Block: Buckler           |    28 |     5 ||    33

Table legend: (Time is in decaauts)
 A = Elapsed time spent in this place.
 B = Non-inter-level travel time spent in this place.
 C = Inter-level travel time spent in this place.
 D = Time resting spent in this place.
 E = Time spent auto-exploring this place.
 F = Levels seen in this place.
 G = Mean time per level.
                   A        B        C        D        E       F      G
               +--------+--------+--------+--------+--------+-----+--------+
         Total |   2040 |   1824 |    216 |    132 |   1317 |   3 |  680.0 |
       Dungeon |   2040 |   1824 |    216 |    132 |   1317 |   3 |  680.0 |
               +--------+--------+--------+--------+--------+-----+--------+

Top non-repeatable levels by time:
     D:2: 877 daAuts
     D:1: 823 daAuts
     D:3: 340 daAuts
